 Dungeon Crawl Stone Soup version 0.30-a0-374-g95c0257040 (webtiles) character file.

Game seed: 5849928659044605779

844 avis the Chiller (level 7, -2/57 HPs)
             Began as a Demigod Ice Elementalist on Nov 25, 2022.
             Slain by a wyvern (12 damage)
             ... on level 5 of the Dungeon.
             The game lasted 00:34:44 (6874 turns).

avis the Chiller (Demigod Ice Elementalist)         Turns: 6874, Time: 00:34:44

Health: -2/57      AC: 10    Str:  9    XL:     7   Next: 40%
Magic:  4/14       EV: 13    Int: 17    God:
Gold:   209        SH:  4    Dex: 22    Spells: 5/12 levels left

rFire   . . .      SeeInvis .    a - +3 short sword
rCold   + . .      Faith    .    g - +0 buckler
rNeg    . . .      Spirit   .    n - +1 robe {rC+}
rPois   .          Reflect  .    i - +0 helmet
rElec   .          Harm     .    (no cloak)
rCorr   .          Rampage  .    (no gloves)
Will    .....                    (no boots)
Stlth   ++........               (no amulet)
HPRegen 0.29/turn                (no ring)
MPRegen 0.14/turn                (no ring)

@: ice-armoured, freezing walls, very slightly contaminated
A: high MP 1, forlorn, divine attributes
a: no special abilities


You were on level 5 of the Dungeon.
You visited 1 branch of the dungeon, and saw 5 of its levels.

You collected 209 gold pieces.

Inventory:

Hand Weapons
 a - a +3 short sword (weapon)
 b - a +0 sling
 m - a +3 club
 p - a +0 falchion
 w - a +1 dagger of venom
Missiles
 q - 2 poisoned darts
Armour
 g - a +0 buckler (worn)
 i - a +0 helmet (worn)
 n - a +1 robe of cold resistance (worn)
 t - an orb of mayhem
 y - a +0 kite shield
Wands
 l - a wand of flame (28)
 x - a wand of mindburst (8)
Scrolls
 d - 2 scrolls of torment {unknown}
 e - a scroll of vulnerability {unknown}
 f - 2 scrolls of teleportation
 k - a scroll of amnesia {unknown}
 o - 2 scrolls of magic mapping {unknown}
 u - a scroll of noise {unknown}
 v - a scroll of poison {unknown}
 z - a scroll of identify {unknown}
 A - a scroll of fear {unknown}
 B - a scroll of immolation {unknown}
Potions
 c - 2 potions of magic
 h - a potion of brilliance {unknown}
 j - a potion of curing {unknown}
 r - a potion of cancellation {unknown}
 s - a potion of flight {unknown}


   Skills:
 - Level 3.0 Fighting
 - Level 4.0 Ranged Weapons
 - Level 2.0 Armour
 - Level 3.0 Dodging
 - Level 2.0 Stealth
 - Level 3.0 Spellcasting
 * Level 5.3 Ice Magic


You had 5 spell levels left.
You knew the following spells:

 Your Spells              Type           Power      Damage    Failure   Level
a - Freeze                Ice            80%        1d9       2%          1
o - Ozocubu's Armour      Ice            20%        N/A       8%          3
r - Frozen Ramparts       Ice            40%        1d7       8%          3

Your spell library contained the following spells:

 Spells                   Type           Power      Damage    Failure   Level
 Sting                    Tmut/Pois      8%         1d3       24%         1
 Poisonous Vapours        Pois/Air       4%         N/A       34%         2
 Inner Flame              Hex/Fire       2%         N/A       56%         3
 Summon Ice Beast         Ice/Summ       11%        N/A       61%         4
 Flame Wave               Conj/Fire      2%         2d4       93%         4
 Olgreb's Toxic Radiance  Pois           2%         N/A       93%         4
 Sticky Flame             Conj/Fire      2%         2d3       93%         4


Dungeon Overview and Level Annotations

Branches:
Dungeon (5/15)             Temple (0/1) D:5

Shops:
D:4 [=:?*

Annotations:
D:5 exclusion: phantom


Innate Abilities, Weirdness & Mutations

You have an increased reservoir of magic. (+10% MP)
You shall have no god before yourself.
Your divine heritage dramatically boosts your attributes as you level up.


Message History

You hear a shout!
The wyvern bites you.
Casting: Frozen Ramparts (dangerous; 9% risk of failure)
Confirm with . or Enter, or press ? or * to list all spells.
Casting: Frozen Ramparts (dangerous; 9% risk of failure)
Press: ? - help, Dir - look around, f - activate You miscast Frozen Ramparts.
You are very lightly contaminated with residual magic.
Nothing appears to happen.
You block the wyvern's attack.
An orc comes into view. It is wielding a +0 dagger.
The wyvern barely misses you.
Casting: Frozen Ramparts (dangerous; 9% risk of failure)
Confirm with . or Enter, or press ? or * to list all spells.
Casting: Frozen Ramparts (dangerous; 9% risk of failure)
Press: ? - help, Dir - look around, f - activate The walls around you are covered in ice.
The wall freezes the wyvern but does no damage.
The wyvern bites you!
The wall freezes the orc wizard.
You barely miss the wyvern.
The wyvern is heavily wounded.
The wall freezes the wyvern.
The wyvern closely misses you.
The wall freezes the orc wizard.
The orc wizard casts a spell.
The orc wizard flickers and vanishes!
Deactivating autopickup; reactivate with Ctrl-A.
The wall freezes the orc priest.
The wall freezes the wyvern.
The wyvern bites you!
* * * LOW HITPOINT WARNING * * *
You hear a shout!
Okay, then.
You hit the wyvern but do no damage.
The wyvern is heavily wounded.
The wall freezes the wyvern.
The wyvern closely misses you.
The wall freezes something.
Reactivating autopickup.
You feel a bit more experienced.
The wall freezes the orc priest.
You barely miss the wyvern.
The wyvern is severely wounded.
The wall freezes the wyvern.
The wyvern bites you!
You die...

####.........#
#........>.#.#
#......)...#.#
#..........#.#
#..........#.#
#..........#.#
#..........#.#
#..........#.#
#######@####.#
#l# #.# #o#
#.# #o# #.#
#.# #.# #.#
### #.. #.#


You could see a wyvern, an orc priest and an orc.

Vanquished Creatures
  A black bear (D:4)
  A phantom (D:5)
  A bullfrog (D:4)
  A necrophage (D:5)
  A gnoll sergeant (D:4)
  A scorpion (D:4)
  3 jellies
  An orc priest (D:5)
  A hound (D:4)
  Jessica (D:3)
  An orc wizard (D:5)
  Robin (D:2)
  8 gnolls
  3 adders
  A shadow imp (D:4)
  A white imp (D:5)
  3 worms
  3 dart slugs
  7 orcs
  7 ball pythons
  8 endoplasms
  2 giant cockroaches
  14 goblins
  9 hobgoblins
  8 jackals (D:1)
  2 kobolds (D:1)
  6 quokkas
  3 bats
  A frilled lizard (D:3)
  6 rats
106 creatures vanquished.

Notes
Turn   | Place    | Note
-------+----------+-------------------------------------------
     0 | D:1      | avis the Demigod Ice Elementalist began the quest for the
                  | Orb.
     0 | D:1      | Reached XP level 1. HP: 14/14 MP: 5/5
   149 | D:1      | Reached skill level 4 in Ice Magic
   253 | D:1      | Reached XP level 2. HP: 20/20 MP: 5/7
   527 | D:1      | Reached skill level 1 in Fighting
  1196 | D:2      | Reached XP level 3. HP: 28/28 MP: 6/9
  1327 | D:2      | Learned a level 3 spell: Frozen Ramparts
  1331 | D:2      | Learned a level 3 spell: Ozocubu's Armour
  1867 | D:2      | Noticed Robin
  2814 | D:2      | Killed Robin
  2815 | D:2      | Reached XP level 4. HP: 35/36 MP: 0/10
  3465 | D:3      | Noticed Jessica
  3481 | D:3      | Killed Jessica
  4166 | D:4      | Found Yrilopt's Jewellery Shoppe.
  4176 | D:4      | Reached skill level 5 in Ice Magic
  4178 | D:4      | Reached XP level 5. HP: 41/41 MP: 4/12
  4375 | D:4      | Reached skill level 1 in Armour
  4519 | D:4      | Found Feumetas's General Store.
  4685 | D:4      | Found Kek Wosk's Magic Scroll Shoppe.
  4760 | D:4      | Found Jeedio's Book Shoppe.
  4977 | D:4      | Found Zichot's Armour Shop.
  5184 | D:4      | Reached XP level 6. HP: 50/50 MP: 9/13
  5474 | D:5      | Entered Level 5 of the Dungeon
  6166 | D:5      | Reached XP level 7. HP: 57/57 MP: 2/14
  6347 | D:5      | Found a staircase to the Ecumenical Temple.
  6777 | D:5      | Noticed a wyvern
  6874 | D:5      | Slain by a wyvern

Illustrated notes

Levels and vault maps discovered:
D:1:      wander_arrival_peaceful_grave, layout_loops_ring,
          ebering_ecumenical_altar_box
D:2:      layout_loops_ring, minmay_misc_feat_doors, uniq_robin
D:3:      layout_basic, uniq_jessica
D:4:      layout_rooms, serial_shops, nicolae_inconvenience_store, shop, shop,
          shop_statue, nicolae_stop_n_shop_1, hex_tiny
D:5:      layout_basic, minmay_temple_entry_statues_pillars

Skill      XL: |  1  2  3  4  5  6  7 |
---------------+----------------------+-----
Ice Magic      | 4 5 |  5.3
Spellcasting   | 2 3 |  3.0
Fighting       | 1 2 3 |  3.0
Dodging        | 2 3 |  3.0
Stealth        | 2 |  2.0
Armour         | 2 |  2.0
Ranged Weapons | 3 4 |  4.0

Action                   |  1- 3 |  4- 6 |  7- 9 || total
-------------------------+-------+-------+-------++-------
Melee: Dagger            |    20 |    99 |       ||   119
       Short sword       |       |       |    27 ||    27
 Fire: Sling             |       |    17 |    30 ||    47
 Cast: Freeze            |    71 |     6 |       ||    77
       Frozen Ramparts   |     2 |    23 |     3 ||    28
       Ozocubu's Armour  |     1 |    14 |     4 ||    19
  Use: Scroll            |       |       |     1 ||     1
 Stab: Sleeping          |     4 |     2 |       ||     6
Armor: Robe              |    10 |    34 |    14 ||    58
Dodge: Dodged            |    64 |    57 |    30 ||   151
Block: Buckler           |    15 |    22 |     9 ||    46

Table legend: (Time is in decaauts)
 A = Elapsed time spent in this place.
 B = Non-inter-level travel time spent in this place.
 C = Inter-level travel time spent in this place.
 D = Time resting spent in this place.
 E = Time spent auto-exploring this place.
 F = Levels seen in this place.
 G = Mean time per level.
                   A        B        C        D        E       F      G
               +--------+--------+--------+--------+--------+-----+--------+
         Total |   6920 |   6481 |    439 |   3173 |   1975 |   5 | 1384.0 |
       Dungeon |   6920 |   6481 |    439 |   3173 |   1975 |   5 | 1384.0 |
               +--------+--------+--------+--------+--------+-----+--------+

Top non-repeatable levels by time:
     D:1: 1959 daAuts
     D:4: 1840 daAuts
     D:2: 1415 daAuts
     D:3: 982 daAuts
     D:5: 722 daAuts
